 Dungeon Crawl Stone Soup version 0.27.1-1-g398f81649c (webtiles) character file.

Game seed: 7207863557213079278

45 MisterFreud the Magician (level 3, -1/28 HPs)
             Began as a Gnoll Wanderer on Sept 20, 2021.
             Was a Follower of Trog.
             Succumbed to an adder's poison
             ... on level 2 of the Dungeon.
             The game lasted 00:02:06 (1907 turns).

MisterFreud the Magician (Gnoll Wanderer)           Turns: 1907, Time: 00:02:07

Health: -1/28      AC:  2    Str: 12    XL:     3   Next: 64%
Magic:  9/9        EV:  9    Int: 11    God:    Trog [*.....]
Gold:   77         SH:  9    Dex: 11    Spells: 11/12 levels left

rFire    . . .     SeeInvis .   a - +0 spear
rCold    . . .     Faith    .   b - +0 kite shield
rNeg     + . .     Spirit   .   c - +0 robe
rPois    .         Reflect  .   (no helmet)
rElec    .         Harm     .   (no cloak)
rCorr    .         Rampage  .   (no gloves)
Will     .....                  (no boots)
Stlth    ++........             m - amulet of the acrobat
HPRegen  0.09/turn              k - ring of positive energy
MPRegen  0.11/turn              (no ring)

@: lethally poisoned (-1 -> -6), on berserk cooldown, flying, slowed, very slow
A: fangs 1, strong nose, distributed training
a: Renounce Religion, Berserk


You were on level 2 of the Dungeon.
You worshipped Trog.
Trog was aware of your devotion.
You visited 1 branch of the dungeon, and saw 2 of its levels.

You collected 77 gold pieces.

Inventory:

Hand Weapons
 a - a +0 spear (weapon)
Armour
 b - a +0 kite shield (worn)
 c - a +0 robe (worn)
Jewellery
 k - a ring of positive energy (left hand)
 m - an amulet of the acrobat (around neck)
Scrolls
 e - a scroll of acquirement {unknown}
 g - 3 scrolls of identify {unknown}
 h - a scroll of enchant armour {unknown}
 l - a scroll of noise {unknown}
Potions
 f - a potion of heal wounds {unknown}
 i - a potion of lignification {unknown}
 j - a potion of magic {unknown}


   Skills:
 + Level 2.6 Fighting
 + Level 0.9 Short Blades
 + Level 0.9 Long Blades
 + Level 0.9 Axes
 + Level 0.9 Maces & Flails
 + Level 2.6 Polearms
 + Level 0.9 Staves
 + Level 0.9 Slings
 + Level 0.9 Bows
 + Level 0.9 Crossbows
 + Level 0.9 Throwing
 + Level 0.9 Armour
 + Level 0.9 Dodging
 + Level 2.4 Stealth
 + Level 4.5 Shields
 + Level 0.9 Unarmed Combat
 + Level 5.0 Spellcasting
 + Level 0.6 Conjurations
 + Level 0.6 Hexes
 + Level 0.6 Summonings
 + Level 0.6 Necromancy
 + Level 0.6 Translocations
 + Level 2.1 Transmutations
 + Level 0.6 Fire Magic
 + Level 0.6 Ice Magic
 + Level 0.6 Air Magic
 + Level 0.6 Earth Magic
 + Level 3.8 Poison Magic
 + Level 1.0 Invocations
 + Level 0.9 Evocations


You had 11 spell levels left.
You knew the following spells:

 Your Spells              Type           Power      Damage    Failure   Level
a - Sting                 Tmut/Pois      36%        1d4       24%         1

Your spell library contained the following spells:

 Spells                   Type           Power      Damage    Failure   Level
 Animate Skeleton         Necr           8%         N/A       54%         1
 Apportation              Tloc           8%         N/A       54%         1
 Corona                   Hex            4%         N/A       54%         1
 Summon Small Mammal      Summ           16%        N/A       54%         1
 Spider Form              Tmut/Pois      4%         N/A       58%         3


Dungeon Overview and Level Annotations

Branches:
Dungeon (2/15)

Altars:
Trog


Innate Abilities, Weirdness & Mutations

You have very sharp teeth.
Your uncanny sense of smell can sniff out nearby items.
Your experience applies equally to all skills.


Message History

You are too injured to fight recklessly!
You are too injured to fight recklessly!
You are too injured to fight recklessly!
A red film seems to cover your vision as you go berserk!
You feel yourself moving faster!
You feel mighty!
You feel sick. The adder bites you.
You are lethally poisoned!
The adder poisons you! The adder bites you.
* * * LOW HITPOINT WARNING * * *
You closely miss the adder. Your bite misses the adder.
The adder is moderately wounded.
* * * LOW HITPOINT WARNING * * *
You feel very sick. The adder closely misses you.
You closely miss the adder. You bite the adder!
You kill the adder!
Trog accepts your kill.
* * * LOW HITPOINT WARNING * * *
You feel sick.
Your Invocations skill increases to level 1!
* * * LOW HITPOINT WARNING * * *
You feel sick.
You feel a strong urge to attack something.
* * * LOW HITPOINT WARNING * * *
You feel sick.
* * * LOW HITPOINT WARNING * * *
You feel sick.
You feel your anger nearly subside.
You are no longer berserk.
You are exhausted.
You feel yourself slow down.
* * * LOW HITPOINT WARNING * * *
You feel sick.
Unknown command.
Unknown command.
Okay, then.
Okay, then.
It was a potion of flight.
You feel very buoyant.
You fly up into the air.
You die...

#......... ########.# ### #.# #.#
#.# ######### #.# #.....@.#
####### #.# #.#####.# #.....#####
#.# ####.# .# #.###......
##.#####....# .#####.###..####
#...........# .##........)....
.....###.##.#####.##.#####....###
#....# #.##.......##.# #...####
##.#.###.###.#.#####.# #.......
........<# #..(.## #.# #.######


There were no monsters in sight!

Vanquished Creatures
  An adder (D:2)
  2 worms (D:2)
  3 bats
  An endoplasm (D:2)
  2 giant cockroaches (D:2)
  4 goblins
  2 hobgoblins (D:1)
  4 kobolds
  2 quokkas
  2 ball pythons (D:1)
  4 frilled lizards
  2 rats
29 creatures vanquished.

Vanquished Creatures (others)
  2 fungi (D:2)
  11 plants (D:2)
13 creatures vanquished.

Grand Total: 42 creatures vanquished

Notes
Turn   | Place    | Note
-------+----------+-------------------------------------------
     0 | D:1      | MisterFreud the Gnoll Wanderer began the quest for the Orb.
     0 | D:1      | MisterFreud set off with the following items: a +0 spear, a
                  | +0 kite shield, a +0 robe; and the following spell
                  | memorised: Sting; and the following spells available to
                  | memorise: Spider Form
     0 | D:1      | Reached XP level 1. HP: 17/17 MP: 6/6
   323 | D:1      | Reached XP level 2. HP: 20/23 MP: 7/7
  1150 | D:2      | Found a faded altar of an unknown god.
  1154 | D:2      | Became a worshipper of Trog the Wrathful
  1154 | D:2      | Reached * piety under Trog
  1157 | D:2      | Reached XP level 3. HP: 24/28 MP: 9/9
  1188 | D:2      | Reached skill level 5 in Spellcasting
  1903 | D:2      | Reached skill level 1 in Invocations
  1906 | D:2      | HP: 1/28 [poisoned by an adder]
  1907 | D:2      | Succumbed to an adder's poison

Illustrated notes

Levels and vault maps discovered:
D:1:      lightli_arrival_windingriver, layout_loops_ring, minmay_heptomino_o4
D:2:      layout_loops_corners, shapermc_ecumenical_altar_mp_urbaneastern,
          uniq_sigmund

Skill      XL: |  1  2  3 |
---------------+----------+-----
Transmutations | 2 |  2.1
Spellcasting   | 5 |  5.0
Invocations    | 1 |  1.0
Fighting       | |  2.6
Short Blades   | |  0.9
Long Blades    | |  0.9
Axes           | |  0.9
Maces & Flails | |  0.9
Polearms       | |  2.6
Staves         | |  0.9
Slings         | |  0.9
Bows           | |  0.9
Crossbows      | |  0.9
Throwing       | |  0.9
Armour         | |  0.9
Dodging        | |  0.9
Stealth        | |  2.4
Shields        | |  4.5
Unarmed Combat | |  0.9
Conjurations   | |  0.6
Hexes          | |  0.6
Summonings     | |  0.6
Necromancy     | |  0.6
Translocations | |  0.6
Fire Magic     | |  0.6
Ice Magic      | |  0.6
Air Magic      | |  0.6
Earth Magic    | |  0.6
Poison Magic   | |  3.8
Evocations     | |  0.9

Action                   || total
-------------------------++-------
Melee: Spear             ||   126
       Bite              ||     4
Invok: Berserk           ||     1
  Use: Potion            ||     1
 Stab: Sleeping          ||    12
Armor: Robe              ||    15
Dodge: Dodged            ||    34
Block: Kite shield       ||    30
